 Dungeon Crawl Stone Soup version 0.25-a0-435-g4b9beb1024 (webtiles) character file.

Game seed: 18155302605674538246, levelgen mode: deterministic

11263 jt the Thaumaturge (level 11, 0/77 HPs)
             Began as an Octopode Wizard on Jan 25, 2020.
             Was an Initiate of Gozag.
             Slain by a spiny frog (19 damage)
             ... on level 1 of the Lair of Beasts on Jan 26, 2020.
             The game lasted 01:40:43 (17626 turns).

jt the Thaumaturge (Octopode Wizard)               Turns: 17626, Time: 01:40:53

Health: 0/77       AC:  3    Str: 12    XL:     11   Next: 75%
Magic:  19/23      EV: 15    Int: 24    God:    Gozag
Gold:   404        SH:  6    Dex: 10    Spells: 13/27 levels left

rFire    . . .     SeeInvis +   a - +2 dagger (vamp)
rCold    . . .     Gourm    .   J - +2 buckler
rNeg     . . .     Faith    .   l - +2 hat
rPois    +         Spirit   .   (no amulet)
rElec    .         Reflect  .   m - +5 ring of strength
rCorr    .         Harm     .   F - ring of see invisible
MR       +....                  K - ring of poison resistance
Stlth    +++.......             z - ring of protection from magic
HPRegen  0.22/turn              (no ring)
MPRegen  0.18/turn              (no ring)
                                (no ring)
                                (no ring)

@: gold aura, studying Translocations
A: almost no armour, stealthy swim, amphibious, 8 rings, constrict 8, camouflage
1, gelatinous body 1
a: Potion Petition, Call Merchant, Bribe Branch, Renounce Religion


You were on level 1 of the Lair of Beasts.
You worshipped Gozag.
Gozag was aware of your devotion.
You were not hungry.

You visited 3 branches of the dungeon, and saw 13 of its levels.
You also visited: Sewer.

You collected 2368 gold pieces.
You spent 240 gold pieces at shops.
You paid 1724 gold pieces to Gozag.

Inventory:

Hand Weapons
 a - a +2 vampiric dagger (weapon)
 b - a +2 falchion of flaming
 g - a +1 short sword of distortion
 i - a +0 hand axe
 n - a +2 short sword of speed
 s - a cursed +3 mace of freezing
 x - a +0 trident
 A - a +1 long sword of draining
 C - a -1 eveningstar
 D - a +0 hunting sling
 E - a -2 long sword of holy wrath
 H - a -2 war axe
 I - a +2 flail of draining
 N - a +0 scimitar of freezing
Missiles
 d - 112 bolts
 k - 45 poisoned darts (quivered)
 o - 7 silver javelins
 p - 390 stones
 B - 2 boomerangs
 O - 3 silver boomerangs
 P - 40 sling bullets
 R - 139 arrows
Armour
 l - a +2 hat (worn)
 J - a +2 buckler (worn)
Jewellery
 m - a +5 ring of strength (left tentacle)
 z - a ring of protection from magic (on tentacle)
 F - a ring of see invisible (right tentacle)
 K - a ring of poison resistance (on tentacle)
Wands
 S - a wand of polymorph (2)
Scrolls
 c - 2 scrolls of fear
 h - 2 scrolls of teleportation
 q - 4 scrolls of amnesia
 r - a scroll of immolation
 u - 2 scrolls of remove curse
 y - 3 scrolls of enchant weapon
 Q - 3 scrolls of enchant armour
 T - 3 scrolls of identify
Potions
 f - 5 potions of mutation
 j - 3 potions of haste
 t - 5 potions of lignification
 v - 3 potions of might
 w - 5 potions of agility
 M - a potion of degeneration
Books
 e - a manual of Translocations
Comestibles
 U - 9 rations


   Skills:
 + Level 8.0 Fighting
 + Level 4.2 Throwing
 + Level 6.5 Dodging
 - Level 2.6 Stealth
 - Level 4.2 Shields
 + Level 8.5 Spellcasting
 + Level 7.5 Conjurations
 - Level 5.0 Summonings
 - Level 6.0 Translocations
 - Level 3.0 Air Magic
 - Level 3.0 Poison Magic


You had 13 spell levels left.
You knew the following spells:

 Your Spells              Type           Power        Failure   Level  Hunger
a - Magic Dart            Conj           ####         1%          1    None
b - Call Imp              Summ           ####....     1%          2    None
c - Blink                 Tloc           N/A          1%          2    None
d - Mephitic Cloud        Conj/Pois/Air  ####....     3%          3    None
e - Conjure Flame         Conj/Fire      ####....     4%          3    None
f - Portal Projectile     Hex/Tloc       ###...       5%          3    None

Your spell library contained the following spells:

 Spells                   Type           Power        Failure   Level  Hunger
 Gell's Gravitas          Tloc           #####.....   1%          3    None
 Slow                     Hex            ##......     10%         2    None
 Dispersal                Tloc           #####.....   63%         6    ######.
 Controlled Blink         Tloc           N/A          100%        8    #######
 Disjunction              Tloc           #####.....   100%        8    #######


Dungeon Overview and Level Annotations

Branches:
Dungeon (11/15)            Temple (1/1) D:5            Lair (1/6) D:8
  Sewer (visited)
    Orc: D:9-12

Altars:
Ashenzari
Cheibriados
Dithmenos
Elyvilon
Fedhas
Gozag
Hepliaklqana
Kikubaaqudgha
Makhleb
Nemelex Xobeh
Okawaru
Qazlal
Ru
Sif Muna
Trog
Uskayaw
Vehumet
Wu Jian
Xom
Yredelemnul
Zin
The Shining One

Shops:
D:7 %   Lair:1 *

Portals:
Abyss: D:5

Annotations:
D:3 exclusion: ice beast
D:8 Gruesome's ghost, novice FoFi


Innate Abilities, Weirdness & Mutations

You cannot wear most types of armour.
You are very stealthy in the water. (Stealth+)
You are amphibious.
You can wear up to eight rings at the same time.
You can use your tentacles to constrict eight enemies at once.
Your skin changes colour to match your surroundings (Stealth+).
Your rubbery body absorbs attacks. (AC +1, EV +1)


Message History

Okay, then.
Your crimson imp blinks!
Casting: Call Imp (safe; 1% risk of failure)
Confirm with . or Enter, or press ? or * to list all spells.
Aiming: Magic Dart (safe; 1% risk of failure)
Press: ? - help, Shift-Dir - straight line, f - spiny frog
Aim: a spiny frog (almost dead)
The magic dart hits the spiny frog but does no damage.
The spiny frog is almost dead.
Press: ? - help, v - describe, . - travel, g - get item
Here: a spiny frog (almost dead) 24 gold pieces.
The floor, spattered with blood.
You hit the spiny frog but do no damage.
Your grab misses the spiny frog. Your squeeze misses the spiny frog.
The spiny frog is almost dead.
Your crimson imp blinks!
The spiny frog stings you!!
You die...
Your body crumbles into a pile of gold.

...$.#### ####P.# #....
........# ###.....###
#..# <.......#
#.........## ...
$........##......#...###
#.
#############.####.....##
## ####...# # # ##
#5...## ...#.#.##
##....##
....(..@###5.....#
....#(.F.#........# #
#..#.5...##....#
###..ยง.### #.... ##....#
#... ##..... #.. ##....#
.. #.....# ###...#


You could see a spiny frog and a friendly crimson imp.

Vanquished Creatures
  A hydra (D:9)
  A two-headed ogre (D:9)
  The ghost of kae the Zephyrmancer, a novice DrAE of Vehumet (D:5)
  Psyche (D:10)
  A troll (D:6)
  A hornet (D:8)
  Prince Ribbit (D:9)
  A hippogriff (Lair:1)
  2 dream sheep (D:9)
  9 yaks
  A small abomination (D:5)
  2 hungry ghosts
  A water moccasin (D:10)
  6 orc warriors
  Purgy (Sewer)
  6 ogres
  A black bear (D:10)
  An ice beast (D:9)
  A phantom (D:11)
  A sky beast (D:8)
  8 centaurs
  2 crocodiles (D:8)
  4 big kobolds
  5 bullfrogs
  11 scorpions
  10 killer bees
  10 wights
  2 howler monkeys
  8 crimson imps
  A bullfrog zombie (D:5)
  A centaur zombie (D:7)
  4 jellies
  A quasit (D:10)
  5 hounds
  8 orc priests
  A centaur skeleton (D:10)
  15 orc wizards
  An iron imp (D:5)
  An iguana (D:6)
  Terence (D:2)
  2 worker ants (D:4)
  A killer bee zombie (D:8)
  2 hound skeletons
  A hound zombie (D:6)
  6 adders
  5 shadow imps
  2 oozes
  2 adder skeletons
  An adder zombie (D:5)
  2 worms
  3 dart slugs (D:1)
  9 leopard geckos
  50 orcs
  3 ball pythons
  6 giant cockroaches
  7 goblins
  8 hobgoblins
  13 jackals
  20 kobolds
  5 quokkas
  A ball python skeleton (D:5)
  15 bats
  A frilled lizard (D:3)
  A goblin skeleton (D:4)
  A hobgoblin zombie (D:4)
  A leopard gecko zombie (D:6)
  2 orc skeletons (D:4)
  8 rats
  A fungus (D:5)
318 creatures vanquished.

Vanquished Creatures (collateral kills)
  A komodo dragon (Lair:1)
  A hippogriff (D:8)
  3 yaks
  3 hungry ghosts
  Edmund (D:5)
  A sky beast (D:8)
  An ogre (D:8)
  An ice beast (D:5)
  A crocodile (Lair:1)
  2 big kobolds (D:9)
  2 bullfrogs
  A scorpion (D:4)
  A killer bee (D:7)
  A jelly (D:8)
  An orc wizard (D:3)
  5 iguanas
  5 adders
  A white imp (D:4)
  An adder skeleton (D:4)
  A worm (D:2)
  A leopard gecko (D:2)
  3 orcs
  5 bats
  4 giant cockroaches
  2 jackals (D:3)
  4 kobolds
  A goblin skeleton (D:4)
  A goblin zombie (D:4)
  2 hobgoblin zombies (D:4)
  A kobold zombie (D:4)
  A rat (D:2)
59 creatures vanquished.

Vanquished Creatures (others)
  7 fungi
  2 plants (Lair:1)
9 creatures vanquished.

Grand Total: 386 creatures vanquished

Notes
Turn   | Place    | Note
-------+----------+-------------------------------------------
     0 | D:1      | jt the Octopode Wizard began the quest for the Orb.
     0 | D:1      | Reached XP level 1. HP: 11/11 MP: 4/4
   198 | D:1      | Reached XP level 2. HP: 17/17 MP: 4/6
   205 | D:1      | Learned a level 2 spell: Call Imp
   208 | D:1      | Learned a level 2 spell: Blink
   638 | D:1      | Reached XP level 3. HP: 21/21 MP: 2/8
   734 | D:1      | Learned a level 3 spell: Mephitic Cloud
  1837 | D:3      | Reached XP level 4. HP: 25/27 MP: 6/9
  1984 | D:3      | Noticed Terence
  2121 | D:2      | Killed Terence
  2121 | D:2      | Reached skill level 1 in Poison Magic
  2386 | D:3      | Reached skill level 1 in Air Magic
  2426 | D:3      | Found a glowing drain.
  2463 | D:3      | Reached XP level 5. HP: 16/31 MP: 3/10
  2498 | Sewer    | Entered a sewer
  2595 | Sewer    | Noticed Purgy
  2623 | Sewer    | Killed Purgy
  2969 | D:3      | Reached XP level 6. HP: 36/36 MP: 3/12
  3117 | D:3      | Reached skill level 1 in Shields
  3214 | D:3      | Noticed an ice beast
  3823 | D:4      | Found a glowing golden altar of the Shining One.
  4290 | D:4      | Reached XP level 7. HP: 41/41 MP: 11/13
  5256 | D:4      | Reached skill level 1 in Fighting
  5362 | D:5      | Entered Level 5 of the Dungeon
  5363 | D:5      | Found a staircase to the Ecumenical Temple.
  5376 | Temple   | Entered the Ecumenical Temple
  5381 | Temple   | Upgraded the game from 0.25-a0-429-g4e4398398a to
                  | 0.25-a0-435-g4b9beb1024
  5385 | Temple   | Became a worshipper of Gozag Ym Sagoz the Greedy
  5557 | D:5      | Reached XP level 8. HP: 40/49 MP: 12/14
  6077 | D:5      | Reached skill level 5 in Spellcasting
  6350 | D:5      | Found a radiant altar of Vehumet.
  6362 | D:5      | Noticed Edmund
  6373 | D:5      | Killed Edmund
  6603 | D:5      | Found a glowing silver altar of Zin.
  6604 | D:5      | Found a shadowy altar of Dithmenos.
  6632 | D:5      | Found a transporter.
  6634 | D:5      | Found a transporter.
  6658 | D:5      | Found a one-way gate to the infinite horrors of the Abyss.
  6685 | D:5      | Noticed kae's ghost (novice DrAE)
  6855 | D:5      | Learned a level 3 spell: Conjure Flame
  7350 | D:5      | Reached skill level 5 in Summonings
  7350 | D:5      | Reached XP level 9. HP: 36/58 MP: 1/17
  8150 | D:6      | Reached skill level 5 in Fighting
  8793 | D:6      | Noticed a troll
  9165 | D:7      | Found a white marble altar of Elyvilon.
  9571 | D:7      | Found a hide-covered altar of Uskayaw.
  9722 | D:7      | Bought a ration for 60 gold pieces
  9722 | D:7      | Bought a ration for 60 gold pieces
  9762 | D:7      | Found a burning altar of Makhleb.
 10099 | D:8      | Found a transporter.
 10161 | D:8      | Noticed a hornet
 10168 | D:8      | Reached skill level 5 in Conjurations
 10169 | D:8      | Noticed Gruesome's ghost (novice FoFi)
 10210 | D:8      | Found a transporter.
 10244 | D:8      | Reached XP level 10. HP: 12/68 MP: 13/20
 10346 | D:7      | Bought a ration for 60 gold pieces
 10346 | D:7      | Bought a ration for 60 gold pieces
 10611 | D:5      | Killed kae's ghost
 11603 | D:8      | Reached skill level 1 in Throwing
 11881 | D:8      | Found a staircase to the Lair.
 11905 | D:8      | Reached skill level 5 in Dodging
 12655 | D:9      | Learned a level 3 spell: Portal Projectile
 12894 | D:9      | Noticed a two-headed ogre
 12942 | D:9      | Killed a two-headed ogre
 13272 | D:9      | Reached XP level 11. HP: 32/75 MP: 18/22
 13915 | D:9      | Noticed a three-headed hydra
 13939 | D:9      | Killed a one-headed hydra
 14277 | D:9      | Found a stormy altar of Qazlal.
 14280 | D:9      | Noticed Prince Ribbit
 14287 | D:9      | Killed Prince Ribbit
 14366 | D:9      | Found an ornate altar of the Wu Jian Council.
 14503 | D:10     | Entered Level 10 of the Dungeon
 14533 | D:9      | Reached skill level 5 in Translocations
 15278 | D:10     | Noticed Psyche
 15320 | D:10     | Killed Psyche
 15814 | D:10     | Found a shadowy altar of Dithmenos.
 16005 | D:11     | Noticed a five-headed hydra
 16872 | D:11     | Noticed a manticore
 17500 | Lair:1   | Entered Level 1 of the Lair of Beasts
 17500 | Lair:1   | Noticed an eight-headed hydra
 17626 | Lair:1   | Slain by a spiny frog

Levels and vault maps discovered:
D:1:      sevenhm_arrival_forest_fort_small_3, layout_basic
D:2:      layout_rooms
D:3:      layout_basic, first_ration, gup_sewer_entry_glass,
          kennysheep_generic_room_16, uniq_terence
D:4:      layout_basic, nicolae_tso_besieged_by_evil, minmay_increasing_density
D:5:      old_forge, layout_rooms, old_standard_altar,
          gammafunk_temple_overflow_pools, minmay_temple_entry_overgrown,
          gammafunk_ghost_abyssal_escape, uniq_edmund
D:6:      layout_loops_ring, corexii_hall_statues_x
D:7:      layout_loops_ring, kennysheep_little_box, lemuel_crystal_altar,
          makhleb_heckhound_becter
D:8:      layout_loops_cross, david_lair_generic, gammafunk_ghost_hive
D:9:      layout_long_grid, nicolae_qazlal_style_of_elements, basic_altar,
          hangedman_ranch [blue_anna_fruit_fields], uniq_prince_ribbit1
D:10:     layout_big_octagon, nicolae_dithmenos_through_a_glass_darkly,
          uniq_psyche
D:11:     layout_roguey, fungi_pond_lemuel
Temple:   minmay_freezing_vapour_temple
Lair:1:   layout_concentric_octagons, gammafunk_ghost_ooze

Skill      XL: |  1  2  3  4  5  6  7  8  9 10 11 |
---------------+----------------------------------+-----
Conjurations   | 2 3 4 5 6 7 |  7.5
Poison Magic   | 1 2 3 |  3.0
Air Magic      | 1 2 3 |  3.0
Translocations | 2 3 6 |  6.0
Spellcasting   | 4 5 6 7 8 |  8.5
Summonings     | 2 3 5 |  5.0
Shields        | 3 4 |  4.2
Fighting       | 1 4 5 7 8 |  8.0
Dodging        | 3 5 6 |  6.5
Throwing       | 2 4 |  4.2
Stealth        | |  2.6

Action                   |  1- 3 |  4- 6 |  7- 9 | 10-12 || total
-------------------------+-------+-------+-------+-------++-------
Melee: Unarmed           |    30 |       |     5 |       ||    35
       Tentacles         |     6 |    21 |    58 |    58 ||   143
       Constrict         |    13 |    41 |    81 |    48 ||   183
       Dagger            |     5 |   136 |   269 |   157 ||   567
       Long sword        |       |       |    20 |    83 ||   103
       Flail             |       |       |       |    50 ||    50
       Falchion          |       |       |       |    23 ||    23
 Fire: Hunting sling     |       |     2 |     3 |       ||     5
Throw: Dart              |     3 |    26 |   116 |   167 ||   312
       Javelin           |       |       |     4 |    10 ||    14
       Boomerang         |       |       |     1 |    15 ||    16
 Cast: Magic Dart        |    62 |    24 |    34 |    39 ||   159
       Call Imp          |     6 |    32 |    51 |    69 ||   158
       Mephitic Cloud    |     2 |     7 |    25 |    48 ||    82
       Conjure Flame     |       |       |     1 |       ||     1
       Portal Projectile |       |       |       |     4 ||     4
Invok: Call Merchant     |       |       |     1 |     1 ||     2
Evoke: Wand              |       |       |     3 |     3 ||     6
  Use: Scroll            |     2 |     7 |    11 |     3 ||    23
       Potion            |       |       |       |    16 ||    16
 Stab: Confused          |     2 |     2 |     8 |     4 ||    16
       Sleeping          |       |     4 |     8 |     5 ||    17
       Distracted        |       |       |     1 |     1 ||     2
       Held in net/web   |       |       |     1 |       ||     1
  Eat: Chunk             |     3 |     3 |     2 |       ||     8
       Ration            |       |     2 |     5 |     8 ||    15
Armor: Skin              |       |    36 |    35 |    22 ||    93
Dodge: Dodged            |    25 |   105 |   150 |   229 ||   509
Block: Buckler           |       |    10 |    77 |   104 ||   191
       Rpst.: Long sword |       |       |     2 |    30 ||    32
       Falchion          |       |       |       |     2 ||     2

Table legend:
 A = Non-vault XP
 B = Vault XP
 C = Vault XP percentage of total XP
 D = Non-vault monster count
 E = Vault monster count
 F = Vault count percentage of total count
                 A         B        C        D         E       F
            +---------+---------+-------+---------+---------+-------
      Total |   11327 |    4763 |  29.6 |     310 |      66 |  17.6
            +---------+---------+-------+---------+---------+-------
        D:1 |      49 |       0 |   0.0 |      24 |       0 |   0.0
        D:2 |      40 |      36 |  47.4 |      22 |       1 |   4.3
        D:3 |     245 |      33 |  11.9 |      37 |       6 |  14.0
        D:4 |     384 |     118 |  23.5 |      15 |      14 |  48.3
        D:5 |    1035 |    1343 |  56.5 |      25 |      19 |  43.2
        D:6 |    1130 |       0 |   0.0 |      44 |       0 |   0.0
        D:7 |     922 |      42 |   4.4 |      32 |       1 |   3.0
        D:8 |    1347 |     758 |  36.0 |      20 |       9 |  31.0
        D:9 |    2589 |    1951 |  43.0 |      36 |       9 |  20.0
       D:10 |    1068 |     389 |  26.7 |      26 |       1 |   3.7
       D:11 |    1941 |       0 |   0.0 |      25 |       0 |   0.0
     Lair:1 |     577 |       0 |   0.0 |       4 |       0 |   0.0
      Sewer |       0 |      93 | 100.0 |       0 |       6 | 100.0
            +---------+---------+-------+---------+---------+-------
